 Dungeon Crawl Stone Soup version 0.26.0-41-g79a4fc7684 (webtiles) character file.

Game seed: 18298197932556780348

102 kaeus the Ducker (level 4, -3/31 HPs)
             Began as an Octopode Fighter on Jan 27, 2021.
             Slain by an iguana (14 damage)
             ... on level 4 of the Dungeon.
             The game lasted 00:01:41 (2462 turns).

kaeus the Ducker (Octopode Fighter)                 Turns: 2462, Time: 00:01:41

Health: -3/31      AC:  1    Str: 15    XL:     4   Next: 77%
Magic:  4/4        EV: 12    Int: 10    God:
Gold:   153        SH:  9    Dex: 12    Spells: 3/3 levels left

rFire    . . .     SeeInvis .   g - +0 dagger
rCold    . . .     Faith    .   b - +0 kite shield
rNeg     . . .     Spirit   .   (helmet restricted)
rPois    .         Reflect  .   (no amulet)
rElec    .         Harm     .   a - ring of wizardry
rCorr    .         Rampage  .   (no ring)
Will     .....                  (no ring)
Stlth    +++.......             (no ring)
HPRegen  0.10/turn              (no ring)
MPRegen  0.09/turn              (no ring)
                                (no ring)
                                (no ring)

@: no status effects
A: almost no armour, stealthy swim, amphibious, 8 rings, constrict 8, camouflage
1, gelatinous body 1
a: no special abilities


You were on level 4 of the Dungeon.
You visited 1 branch of the dungeon, and saw 4 of its levels.

You collected 153 gold pieces.

Inventory:

Hand Weapons
 g - a +0 dagger (weapon)
Armour
 b - a +0 kite shield (worn)
Jewellery
 a - a ring of wizardry (left tentacle)
Scrolls
 d - a scroll of amnesia {unknown}
 e - 2 scrolls of teleportation {unknown}
 f - 2 scrolls of enchant weapon {unknown}
 h - a scroll of fear {unknown}
 i - 3 scrolls of noise {unknown}
 l - 2 scrolls of remove curse {unknown}
 m - a scroll of random uselessness {unknown}
 p - 3 scrolls of identify {unknown}
Potions
 c - a potion of might
 j - a potion of brilliance {unknown}
 k - a potion of cancellation {unknown}
 n - a potion of berserk rage {unknown}
 o - a potion of flight {unknown}
 q - 2 potions of haste {unknown}
 r - a potion of lignification {unknown}


   Skills:
 + Level 3.4 Fighting
 + Level 2.6 Short Blades
 + Level 3.4 Dodging
 * Level 3.4 Stealth
 + Level 3.4 Shields


You had 3 spell levels left.
You didn't know any spells.
Your spell library was empty.

Dungeon Overview and Level Annotations

Branches:
Dungeon (4/15)
 Temple: D:4-7

Altars:
Ashenzari
Cheibriados
Gozag
Makhleb

Shops:
D:4 :


Innate Abilities, Weirdness & Mutations

You cannot wear most types of armour.
You are very stealthy in the water. (Stealth+)
You are amphibious.
You can wear up to eight rings at the same time.
You can use your tentacles to constrict eight enemies at once.
Your skin changes colour to match your surroundings (Stealth+).
Your rubbery body absorbs attacks. (AC +1, EV +1)


Message History

An iguana is nearby!
You take 13 damage, and have 14/31 hp.
MASSIVE DAMAGE!!
You are too injured to fight recklessly!
An iguana is nearby!
There is a stone staircase leading up here.
Found a stone staircase leading up.
You closely miss the iguana. Your grab misses the iguana.
Your squeeze misses the iguana.
The iguana is lightly wounded.
The iguana bites you.
You take 4 damage, and have 11/31 hp.
You hit the iguana but do no damage. Your grab misses the iguana.
You squeeze the iguana.
The iguana is moderately wounded.
The iguana closely misses you.
Your shield prevents you from hitting the iguana.
You grab the iguana.
The iguana is moderately wounded.
You constrict the iguana. The iguana bites you!
You die...

........# #.....
........# ....# .#.
........###...# ....
..............##....
#...................
##..................
#?.................
..........#l......?.
..........#.@...?...
##$........##.......
##........# ##.....
..#......# ....
..#>.##... ..< ...
... .. .... .


You could see an iguana.

Vanquished Creatures
  Natasha (D:2)
  2 adders
  2 worms (D:2)
  A dart slug (D:2)
  A leopard gecko (D:2)
  4 bats
  2 giant cockroaches
  6 goblins
  10 hobgoblins
  6 jackals
  3 kobolds
  2 ball pythons (D:1)
  A frilled lizard (D:1)
  6 rats
47 creatures vanquished.

Notes
Turn   | Place    | Note
-------+----------+-------------------------------------------
     0 | D:1      | kaeus the Octopode Fighter began the quest for the Orb.
     0 | D:1      | Reached XP level 1. HP: 16/16 MP: 1/1
   124 | D:1      | Reached skill level 1 in Stealth
   142 | D:1      | Reached XP level 2. HP: 19/21 MP: 2/2
   907 | D:2      | Reached XP level 3. HP: 26/26 MP: 3/3
  1225 | D:2      | Found a broken altar of Ashenzari.
  1231 | D:2      | Found a snail-covered altar of Cheibriados.
  1232 | D:2      | Found an opulent altar of Gozag.
  1233 | D:2      | Found a burning altar of Makhleb.
  1325 | D:2      | Noticed Natasha
  1331 | D:2      | Killed Natasha
  1332 | D:2      | Reached XP level 4. HP: 31/31 MP: 4/4
  2450 | D:4      | Found Ciriva's Book Shop.
  2462 | D:4      | Slain by an iguana

Illustrated notes

Levels and vault maps discovered:
D:1:      erik_arrival_blinker_ship, layout_loops_corners,
          minmay_shallow_snake_nest
D:2:      layout_loops_corners, minitemple, uniq_natasha
D:3:      layout_basic
D:4:      layout_cave_pools, minmay_temple_entry_overgrown, serial_shops, shop,
          ebering_ghost_gozag, nicolae_gozag_cash_rules_everything_around_me

Skill      XL: |  1  2  3 |
---------------+----------+-----
Stealth        | 1 2 3 |  3.4
Fighting       | |  3.4
Short Blades   | |  2.6
Dodging        | |  3.4
Shields        | |  3.4

Action                   |  1- 3 |  4- 6 || total
-------------------------+-------+-------++-------
Melee: Rapier            |    16 |       ||    16
       Constrict         |    22 |     8 ||    30
       Tentacles         |    10 |    10 ||    20
       Dagger            |    55 |    33 ||    88
 Stab: Sleeping          |     7 |     5 ||    12
Armor: Skin              |     4 |       ||     4
Dodge: Dodged            |    27 |    11 ||    38
Block: Kite shield       |    36 |     3 ||    39
